 Dungeon Crawl Stone Soup version 0.16.0-11-gd45b091 (console) character file.

212 gw the Magician (level 5, -1/35 HPs)
             Began as a High Elf Venom Mage on Mar 17, 2015.
             Slain by a crimson imp (2 damage)
             ... summoned by Natasha
             ... on level 4 of the Dungeon.
             The game lasted 00:02:44 (3929 turns).

gw the Magician (High Elf Venom Mage)               Turns: 3929, Time: 00:02:44

Health: -1/35      AC:  3    Str:  7    XL:     5   Next: 58%
Magic:  16/16      EV: 13    Int: 19    God:
Gold:   158        SH:  0    Dex: 21    Spells: 3 memorised, 3 levels left

rFire  . . .     SeeInvis .     a - +6 short sword
rCold  . . .     Clarity  .     h - +0 leather armour
rNeg   . . .     SustAb   .     (no shield)
rPois  .         Gourm    .     (no helmet)
rElec  .         Spirit   .     (no cloak)
rCorr  .         Warding  .     (no gloves)
rMut   .         Stasis   .     (no boots)
MR     .....                    (no amulet)
Stlth  ++........               (no ring)
                                d - +5 ring of dexterity

@: slowed, very slow, not resistant to hostile enchantments, unstealthy
A: no striking features
a: no special abilities


You were on level 4 of the Dungeon.
You were not hungry.

You visited 1 branch of the dungeon, and saw 4 of its levels.

You collected 158 gold pieces.

Inventory:

Hand weapons
 a - a +6 short sword (weapon)
Armour
 h - a +0 leather armour (worn)
 j - a +0 helmet
Jewellery
 d - a +5 ring of dexterity (left hand)
Potions
 g - 2 potions of curing
 n - a potion of restore abilities
Books
 b - a Young Poisoner's Handbook

   Spells                             Type                      Level
   a - Sting                          Conjuration/Poison           1
   b - Cure Poison                    Poison                       2
   c - Mephitic Cloud                 Conjuration/Poison/Air       3
   d - Olgreb's Toxic Radiance        Poison                       4
   e - Venom Bolt                     Conjuration/Poison           5
Comestibles
 c - 3 bread rations
 f - 3 beef jerkies
 i - a slice of pizza
 k - 4 meat rations


   Skills:
 + Level 2.3 Fighting
 + Level 3.4 Dodging
 - Level 2.1 Stealth
 + Level 4.1 Spellcasting
 * Level 4.0 Poison Magic


You had 3 spell levels left.
You knew the following spells:

 Your Spells              Type           Power        Failure   Level  Hunger
a - Sting                 Conj/Pois      ##..         10%         1    None
b - Mephitic Cloud        Conj/Pois/Air  #.......     38%         3    ###....
c - Venom Bolt            Conj/Pois      ##........   99%         5    ######.


Dungeon Overview and Level Annotations

Branches:
Dungeon (4/15)
 Temple: D:4-7

Altars:
Ru

Annotations:
D:4 Natasha


Message History

Unknown command.
ATTACK MOVE TO (-1,0)
You closely miss the phantom.
The phantom is almost destroyed.
The crimson imp barely misses you. The crimson imp closely misses you.
Natasha zaps a wand.
The puff of frost hits you!
The phantom hits you but does no damage.
The crimson imp blinks!
The crimson imp hits you but does no damage.
Natasha barely misses you. The phantom barely misses you.
Unknown command.
Unknown command.
Unknown command.
Unknown command.
ATTACK MOVE TO (-1,0)
You miss the phantom.
The phantom is almost destroyed.
The crimson imp picks up a beetle and eats it.
The crimson imp hits you.
You die...

...........$
....>###.....#####...
####...........#%.....
#..#.....#.......?.#
#........#...#..#..#
#...!.#.###.#....5.#
#..#.#...#.........#
#........#..#.ยค5.#
#....#.......We..#
#..#####.....h.###
#..$...........#
##.........#####
###########


You could see a phantom, Natasha and 2 crimson imps.

Table legend:
 A = Turns spent in this place as a percentage of turns spent in the entire game.
 B = Non-inter-level travel turns spent in this place as a percentage of non-inter-level travel turns spent in the entire game.
 C = Inter-level travel turns spent in this place as a percentage of turns spent in this place.
 D = Turns resting spent in this place as a percentage of non-inter-level travel turns spent in this place.
 E = Turns spent auto-exploring this place as a percentage of non-inter-level travel turns spent in this place.
 F = Non-inter-level travel turns spent in this place divided by the number of levels of this place that you've seen.
                   A       B       C       D       E      F
               +-------+-------+-------+-------+-------+----------------------
         Total | 100.0 | 100.0 |   0.6 |   3.4 |   2.5 | 1216.2
       Dungeon | 100.0 | 100.0 |   0.6 |   3.4 |   2.5 | 1216.2
               +-------+-------+-------+-------+-------+----------------------

Table legend:
 A = Kills in this place as a percentage of kills in entire the game.
 B = Kills by you in this place as a percentage of kills by you in the entire game.
 C = Kills by friends in this place as a percentage of kills by friends in the entire game.
 D = Other kills in this place as a percentage of other kills in the entire game.
 E = Experience gained in this place as a percentage of experience gained in the entire game.
 F = Experience gained in this place divided by the number of levels of this place that you have seen.
                   A       B       C       D       E      F
               +-------+-------+-------+-------+-------+----------------------
         Total | 100.0 | 100.0 |  -nan |  -nan | 100.0 |  76.0
       Dungeon | 100.0 | 100.0 |  -nan |  -nan | 100.0 |  76.0
               +-------+-------+-------+-------+-------+----------------------

Vanquished Creatures
  An orc wizard (D:3)
  A worker ant (D:4)
  7 adders
  A giant mite (D:2)
  4 worms
  5 orcs (D:3)
  2 ball pythons
  A bat skeleton (D:4)
  2 giant cockroaches (D:1)
  12 goblins
  8 hobgoblins
  12 kobolds
  6 bats
  2 giant geckos
  A giant newt (D:3)
  7 rats
72 creatures vanquished.

Notes
Turn   | Place    | Note
--------------------------------------------------------------
     0 | D:1      | gw, the High Elf Venom Mage, began the quest for the Orb.
     0 | D:1      | Reached XP level 1. HP: 11/11 MP: 4/4
   293 | D:1      | Reached XP level 2. HP: 18/18 MP: 1/6
   814 | D:1      | Reached skill level 1 in Fighting
   932 | D:2      | Reached XP level 3. HP: 20/23 MP: 0/9
  1012 | D:2      | Learned a level 3 spell: Mephitic Cloud
  1560 | D:2      | Reached XP level 4. HP: 26/28 MP: 4/12
  1890 | D:2      | Found a sacrificial altar of Ru.
  1970 | D:2      | Found a sacrificial altar of Ru.
  2883 | D:3      | Reached XP level 5. HP: 18/34 MP: 0/15
  2888 | D:3      | Reached skill level 4 in Spellcasting
  3108 | D:3      | Learned a level 5 spell: Venom Bolt
  3508 | D:3      | Learned a level 1 spell: Sting
  3805 | D:4      | Noticed a phantom
  3912 | D:4      | Noticed Natasha
  3928 | D:4      | HP: 1/35 [Natasha/wand of frost (6)]
  3929 | D:4      | Slain by a crimson imp

Action                   |  1- 3 |  4- 6 || total
-------------------------+-------+-------++-------
Melee: Unarmed           |     1 |       ||     1
       Short sword       |     2 |    18 ||    20
       Club              |     1 |       ||     1
 Cast: Sting             |    75 |   107 ||   182
  Use: Potion            |     4 |     4 ||     8
       Scroll            |     2 |     5 ||     7
  Eat: Chunk             |     2 |     7 ||     9

Vault maps used:
D:1:      dpeg_arrival_round_b
D:2:      lemuel_crystal_altar, minmay_misc_feat_rows, hangedman_decor_push,
          nicolae_ru_the_path_less_chosen
D:3:      first_bread
D:4:      good_gods_mini_temple, makhleb_heckhound_becter,
          minmay_misc_feat_roman, st_stairs_9, hangedman_decor_lopped,
          dk_yredelemnul_ordeal, uniq_natasha
